 Dungeon Crawl Stone Soup version 0.24.1-14-gf8d2b509d9 (webtiles) character file.

Game seed: 18187624495337048432, levelgen mode: deterministic

4497 Chiseanne the Protected (level 10, -2/79 HPs)
             Began as a Gnoll Wanderer on May 25, 2020.
             Was an Initiate of Gozag.
             Slain by a manticore (18 damage)
             ... on level 11 of the Dungeon.
             The game lasted 00:21:17 (7208 turns).

Chiseanne the Protected (Gnoll Wanderer)            Turns: 7208, Time: 00:21:18

Health: -2/79      AC: 10    Str: 15    XL:     10   Next: 38%
Magic:  17/26      EV: 14    Int: 18    God:    Gozag
Gold:   648        SH:  0    Dex: 16    Spells: 19/19 levels left

rFire    . . .     SeeInvis .   a - +10 dagger of Xiufefij {elec, rN+ MP+9 Int+2 Stlth-}
rCold    . . .     Gourm    .   (no shield)
rNeg     + . .     Faith    .   c - +0 ring mail
rPois    +         Spirit   .   (no helmet)
rElec    .         Reflect  .   p - +0 cloak
rCorr    .         Harm     .   (no gloves)
MR       .....                  t - +1 pair of boots
Stlth    ++........             v - amulet of rage
HPRegen  0.23/turn              n - +6 ring of slaying
MPRegen  0.20/turn              D - ring of poison resistance

@: gold aura
A: distributed training, fangs 1, strong nose
a: Potion Petition, Call Merchant, Bribe Branch, Renounce Religion, Evoke
Berserk Rage


You were on level 11 of the Dungeon.
You worshipped Gozag.
Gozag was pleased with you.
You were not hungry.

You visited 2 branches of the dungeon, and saw 10 of its levels.

You collected 1040 gold pieces.
You spent 337 gold pieces at shops.
You paid 55 gold pieces to Gozag.

Inventory:

Hand Weapons
 a - the +10 dagger of Xiufefij (weapon) {elec, rN+ MP+9 Int+2 Stlth-}
   (You found it on level 6 of the Dungeon)

   Occasionally, upon striking a foe, it will discharge some electrical energy
   and cause terrible harm.
   It affects your intelligence (+2).
   It protects you from negative energy.
   It affects your magic capacity (+9).
   It makes you less stealthy.
 s - a +4 short sword of venom
Missiles
 b - 7 curare-tipped darts (quivered)
 d - 120 sling bullets
 o - 13 bolts
 x - 6 poisoned darts
 A - a throwing net
 B - 41 arrows
 E - 4 boomerangs
 F - 4 atropa-tipped darts
Armour
 c - a +0 ring mail (worn)
 p - a +0 cloak (worn)
 t - a +1 pair of boots (worn)
Jewellery
 i - an uncursed ring of stealth
 n - a +6 ring of slaying (left hand)
 v - an amulet of rage (around neck)
 w - an uncursed ring of fire
 z - an uncursed ring of flight {unknown}
 D - a ring of poison resistance (right hand)
Wands
 q - a wand of random effects (1)
 C - a wand of flame (24)
Scrolls
 e - 3 scrolls of teleportation
 l - 3 scrolls of remove curse
 r - a scroll of blinking
 y - a scroll of fog
 I - 2 scrolls of identify
Potions
 g - 4 potions of mutation
 h - 3 potions of flight
 j - a potion of brilliance
 k - 2 potions of haste
 m - a potion of curing
 u - 2 potions of ambrosia
 G - a potion of heal wounds
 H - a potion of degeneration {unknown}
Comestibles
 f - 4 rations


   Skills:
 + Level 7.0 Fighting
 + Level 5.1 Short Blades
 + Level 5.1 Long Blades
 + Level 5.1 Axes
 + Level 7.0 Maces & Flails
 + Level 5.1 Polearms
 + Level 5.1 Staves
 + Level 5.1 Slings
 + Level 5.1 Bows
 + Level 5.1 Crossbows
 + Level 5.8 Throwing
 + Level 8.4 Armour
 + Level 5.8 Dodging
 + Level 5.7 Stealth
 + Level 5.1 Shields
 + Level 5.1 Unarmed Combat
 + Level 5.1 Spellcasting
 + Level 4.2 Conjurations
 + Level 4.2 Hexes
 + Level 4.2 Charms
 + Level 4.2 Summonings
 + Level 4.2 Necromancy
 + Level 4.2 Translocations
 + Level 4.2 Transmutations
 + Level 4.2 Fire Magic
 + Level 4.2 Ice Magic
 + Level 4.2 Air Magic
 + Level 4.2 Earth Magic
 + Level 4.2 Poison Magic
 + Level 5.6 Invocations
 + Level 5.1 Evocations


You had 19 spell levels left.
You didn't know any spells.
Your spell library contained the following spells:

 Spells                   Type           Power        Failure   Level  Hunger
 Animate Skeleton         Necr           N/A          4%          1    None
 Apportation              Tloc           ###...       4%          1    None
 Confusing Touch          Hex            ###...       4%          1    None
 Summon Small Mammal      Summ           ###.         4%          1    None
 Summon Lightning Spire   Summ/Air       ###.....     36%         4    ####...
 Silence                  Hex/Air        ###.......   73%         5    ######.
 Conjure Ball Lightning   Conj/Air       ###.......   99%         6    #######
 Deflect Missiles         Chrm/Air       ###.......   99%         6    #######
 Tornado                  Air            ###.......   100%        9    #######


Dungeon Overview and Level Annotations

Branches:
Dungeon (8/15)             Temple (1/1) D:4             Orc (0/2) D:11
   Lair: D:8-11

Altars:
Ashenzari
Elyvilon
Fedhas
Gozag
Makhleb
Nemelex Xobeh
Qazlal
Ru
Sif Muna
Trog
Uskayaw
Vehumet
Wu Jian
Xom
Zin

Shops:
D:4 *

Annotations:
D:4 2 transporters


Innate Abilities, Weirdness & Mutations

Your experience applies equally to all skills.
You have very sharp teeth.
Your uncanny sense of smell can sniff out nearby items.


Message History

* * * LOW HITPOINT WARNING * * *
The manticore misses you.
The manticore claws you but does no damage.
You hit the manticore.
The manticore looks as sick as possible!
The manticore is lightly wounded.
You hit the manticore.
The manticore looks as sick as possible!
You bite the manticore.
The manticore is moderately wounded.
The manticore misses you. The manticore claws you!
* * * LOW HITPOINT WARNING * * *
The manticore barely misses you.
Your +4 short sword of venom stops dripping with poison.
You feel clever.
You hear the crackle of electricity.
a - the +10 dagger of Xiufefij (weapon)
{elec, rN+ MP+9 Int+2 Stlth-} The manticore bites you!!
You die...
Your body crumbles into a pile of gold.

#.$.#..$...##
#.#.#.#h#...#
######.#.#...#
##..###H..#
#.#
#.......##..#
###..##..##.#
.
#....#$#.....#
. ##H###..###
$ #..@..#.#
####.###.# ##
##


You could see a manticore.

Vanquished Creatures
  Pikel (D:6)
  A manticore (D:7)
  A troll (D:11)
  A yak (D:11)
  Sigmund (D:4)
  A warg (D:11)
  4 orc warriors
  4 slaves (D:6)
  A sky beast (D:6)
  2 ice beasts
  A necrophage (D:8)
  3 ogres
  2 bullfrogs
  2 scorpions
  A water moccasin skeleton (D:6)
  11 killer bees (D:7)
  2 howler monkeys (D:8)
  3 crimson imps
  A quasit (D:7)
  2 hounds
  2 jellies
  A bullfrog skeleton (D:5)
  2 iguanas
  8 orc priests
  5 worker ants
  9 orc wizards
  3 gnolls (D:4)
  A howler monkey skeleton (D:4)
  7 adders
  4 shadow imps
  2 oozes
  3 worms
  5 dart slugs
  7 leopard geckos
  37 orcs
  5 giant cockroaches
  11 hobgoblins
  4 jackals
  A quokka (D:4)
  2 bats
  8 frilled lizards
  7 goblins
  6 kobolds
  8 rats
193 creatures vanquished.

Notes
Turn   | Place    | Note
-------+----------+-------------------------------------------
     0 | D:1      | Chiseanne the Gnoll Wanderer began the quest for the Orb.
     0 | D:1      | Chiseanne set off with the following items: a +2 dagger, a
                  | curare-tipped dart, a +0 ring mail, a +0 mace, a ration
     0 | D:1      | Reached XP level 1. HP: 20/20 MP: 1/1
   349 | D:1      | Reached XP level 2. HP: 22/26 MP: 2/2
  1033 | D:2      | Reached XP level 3. HP: 29/31 MP: 3/3
  1050 | D:2      | Reached skill level 1 in Invocations
  1058 | D:2      | Reached skill level 1 in Short Blades
  1058 | D:2      | Reached skill level 1 in Long Blades
  1058 | D:2      | Reached skill level 1 in Axes
  1058 | D:2      | Reached skill level 1 in Polearms
  1058 | D:2      | Reached skill level 1 in Staves
  1058 | D:2      | Reached skill level 1 in Slings
  1058 | D:2      | Reached skill level 1 in Bows
  1058 | D:2      | Reached skill level 1 in Crossbows
  1058 | D:2      | Reached skill level 1 in Shields
  1058 | D:2      | Reached skill level 1 in Unarmed Combat
  1058 | D:2      | Reached skill level 1 in Spellcasting
  1058 | D:2      | Reached skill level 1 in Evocations
  1089 | D:2      | Reached XP level 4. HP: 37/38 MP: 5/5
  1108 | D:2      | Found a shimmering altar of Xom.
  1143 | D:2      | Found a faded altar of an unknown god.
  1302 | D:2      | Found a stormy altar of Qazlal.
  1636 | D:2      | Reached skill level 1 in Conjurations
  1636 | D:2      | Reached skill level 1 in Hexes
  1636 | D:2      | Reached skill level 1 in Charms
  1636 | D:2      | Reached skill level 1 in Summonings
  1636 | D:2      | Reached skill level 1 in Necromancy
  1636 | D:2      | Reached skill level 1 in Translocations
  1636 | D:2      | Reached skill level 1 in Transmutations
  1636 | D:2      | Reached skill level 1 in Fire Magic
  1636 | D:2      | Reached skill level 1 in Ice Magic
  1636 | D:2      | Reached skill level 1 in Air Magic
  1636 | D:2      | Reached skill level 1 in Earth Magic
  1636 | D:2      | Reached skill level 1 in Poison Magic
  1934 | D:2      | Reached XP level 5. HP: 42/43 MP: 6/6
  2709 | D:3      | Found a bloodstained altar of Trog.
  2944 | D:4      | Reached XP level 6. HP: 43/50 MP: 8/8
  2946 | D:4      | Found a transporter.
  3046 | D:4      | Found Kais Ech's General Store.
  3429 | D:4      | Reached skill level 5 in Fighting
  3429 | D:4      | Reached skill level 5 in Maces & Flails
  3543 | D:4      | Found a staircase to the Ecumenical Temple.
  3553 | Temple   | Entered the Ecumenical Temple
  3560 | Temple   | Became a worshipper of Gozag Ym Sagoz the Greedy
  3592 | D:4      | Found a burning altar of Makhleb.
  3637 | D:4      | Noticed Sigmund
  3648 | D:4      | Killed Sigmund
  3648 | D:4      | Reached XP level 7. HP: 39/56 MP: 10/10
  3709 | D:4      | Reached skill level 7 in Armour
  3822 | D:4      | Bought a scroll of blinking for 105 gold pieces
  3822 | D:4      | Bought 6 curare-tipped darts for 50 gold pieces
  3825 | D:4      | Found a transporter.
  4209 | D:4      | Bought a ration for 70 gold pieces
  4229 | D:5      | Entered Level 5 of the Dungeon
  4464 | D:5      | Reached XP level 8. HP: 63/63 MP: 12/12
  4885 | D:5      | Found a shimmering blue altar of Sif Muna.
  4931 | D:4      | Bought a potion of ambrosia for 112 gold pieces
  5337 | D:6      | Found an ornate altar of the Wu Jian Council.
  5362 | D:6      | Found a shattered altar of Ashenzari.
  5417 | D:6      | Noticed Pikel
  5428 | D:6      | Killed Pikel
  5428 | D:6      | Reached XP level 9. HP: 62/69 MP: 14/14
  5441 | D:6      | Got a polished dagger
  5442 | D:6      | Identified the +10 dagger of Xiufefij {elec, rN+ MP+9 Int+2
                  | Stlth-} (You found it on level 6 of the Dungeon)
  5917 | D:7      | Noticed a manticore
  5928 | D:7      | Killed a manticore
  5928 | D:7      | Reached skill level 5 in Throwing
  5928 | D:7      | Reached skill level 5 in Dodging
  5928 | D:7      | Reached skill level 5 in Stealth
  6367 | D:7      | Reached skill level 8 in Armour
  6422 | D:7      | Reached skill level 5 in Invocations
  6452 | D:7      | Reached XP level 10. HP: 23/77 MP: 15/17
  7135 | D:8      | You fall into a shaft and drop 3 floors!
  7149 | D:11     | Reached skill level 5 in Short Blades
  7149 | D:11     | Reached skill level 5 in Long Blades
  7149 | D:11     | Reached skill level 5 in Axes
  7149 | D:11     | Reached skill level 5 in Polearms
  7149 | D:11     | Reached skill level 5 in Staves
  7149 | D:11     | Reached skill level 5 in Slings
  7149 | D:11     | Reached skill level 5 in Bows
  7149 | D:11     | Reached skill level 5 in Crossbows
  7149 | D:11     | Reached skill level 5 in Shields
  7149 | D:11     | Reached skill level 5 in Unarmed Combat
  7149 | D:11     | Reached skill level 5 in Spellcasting
  7149 | D:11     | Reached skill level 5 in Evocations
  7184 | D:11     | Found a staircase to the Orcish Mines.
  7187 | D:11     | Noticed a manticore
  7208 | D:11     | Slain by a manticore

Levels and vault maps discovered:
D:1:      kennysheep_arrival_seaside, layout_rooms, minmay_misc_feat_encased,
          wad_floor_pattern_untrapped, minmay_misc_feat_ornament
D:2:      layout_basic, okawaru_altar_gauntlet_db,
          nicolae_overflow_crystal_walls, old_standard_altar,
          lemuel_doored_altar, chequers_ecumenical_altar_simple,
          minmay_close_crescents
D:3:      layout_rooms, lemuel_coloured_pillars_altar, grunt_decor_clamped,
          uniq_grinder
D:4:      gammafunk_steamed_eel, layout_basic, lemuel_crystal_altar,
          minmay_temple_entry_enclosed_plants, first_ration, serial_shops, shop,
          fountainhead, corexii_hall_statues_i, minmay_lizard_king, uniq_sigmund
D:5:      layout_loops_cross, led_sif_pool
D:6:      layout_basic, nicolae_ashenzari_panopticon,
          nicolae_overflow_hidden_temple, uniq_pikel
D:7:      layout_cave_pods
D:8:      layout_cave_pools, cheibrodos_worm_habitat, kennysheep_mini_moat,
          basic_altar
D:11:     layout_cave_pods, lair_entry_dummy, erik_orc_3, portal_ice_cave_rime,
          serial_ice, serial_ice_h, serial_ice_n, serial_ice_e, serial_ice_o,
          serial_ice_c, serial_ice_d, serial_ice_j, serial_ice_f,
          grunt_livestock, uniq_harold, uniq_snorg, uniq_nergalle
Temple:   eino_temple_lava

Skill      XL: |  1  2  3  4  5  6  7  8  9 10 |
---------------+-------------------------------+-----
Invocations    | 1 2 3 4 5 |  5.6
Short Blades   | 1 2 3 4 5 |  5.1
Long Blades    | 1 2 3 4 5 |  5.1
Axes           | 1 2 3 4 5 |  5.1
Polearms       | 1 2 3 4 5 |  5.1
Staves         | 1 2 3 4 5 |  5.1
Slings         | 1 2 3 4 5 |  5.1
Bows           | 1 2 3 4 5 |  5.1
Crossbows      | 1 2 3 4 5 |  5.1
Shields        | 1 2 3 4 5 |  5.1
Unarmed Combat | 1 2 3 4 5 |  5.1
Spellcasting   | 1 2 3 4 5 |  5.1
Evocations     | 1 2 3 4 5 |  5.1
Conjurations   | 1 2 3 4 |  4.2
Hexes          | 1 2 3 4 |  4.2
Charms         | 1 2 3 4 |  4.2
Summonings     | 1 2 3 4 |  4.2
Necromancy     | 1 2 3 4 |  4.2
Translocations | 1 2 3 4 |  4.2
Transmutations | 1 2 3 4 |  4.2
Fire Magic     | 1 2 3 4 |  4.2
Ice Magic      | 1 2 3 4 |  4.2
Air Magic      | 1 2 3 4 |  4.2
Earth Magic    | 1 2 3 4 |  4.2
Poison Magic   | 1 2 3 4 |  4.2
Throwing       | 3 4 5 |  5.8
Dodging        | 3 4 5 |  5.8
Stealth        | 3 4 5 |  5.7
Fighting       | 5 6 7 |  7.0
Maces & Flails | 5 6 7 |  7.0
Armour         | 7 8 |  8.4

Action                   |  1- 3 |  4- 6 |  7- 9 | 10-12 || total
-------------------------+-------+-------+-------+-------++-------
Melee: Dagger            |    60 |       |    57 |    27 ||   144
       Bite              |    17 |    10 |    23 |    10 ||    60
       Short sword       |    33 |   127 |   186 |    44 ||   390
       Punch             |       |     2 |     1 |     1 ||     4
Throw: Dart              |     1 |       |       |       ||     1
Evoke: Wand              |       |    23 |       |       ||    23
  Use: Scroll            |       |    12 |    11 |       ||    23
       Potion            |       |     1 |     1 |       ||     2
 Stab: Sleeping          |     1 |       |     7 |       ||     8
       Distracted        |       |       |     3 |     1 ||     4
  Eat: Chunk             |     1 |     8 |       |       ||     9
       Ration            |       |       |     3 |     1 ||     4
Armor: Ring mail         |    26 |    57 |    63 |    32 ||   178
       Skin              |       |       |    30 |       ||    30
Dodge: Dodged            |    47 |    81 |   137 |    49 ||   314
